AoeStats
← Pernobyl

Arabian Desert

510318165Analyzed
1v1 RM · 3d ago on Sep 30, 2026· 15m 28s· 2 players
Game mode
Random Map
Map size
Tiny (2 player)
Population
200
Speed
Normal
Resources
Standard
Victory
Conquest
Starting age
Dark Age
Ending age
Imperial Age
RankedLock teamsTeams togetherTeam positionsShared explorationLock speedFull tech treeHidden civsTurbo modeCheats
Victory
Defeat
🇸🇬 Japanese · Singapore
1262
+15
🇸🇪 Burmese · Sweden
1236
-15
Pernobyl
2:26 Loom
12:39 Feudal Age
14:04 Town Watch
14:30 Fletching
blackbeard1
5:01 Loom
9:28 Feudal Age
9:34 Man-at-Arms
16:07 Scale Mail Armor
Connection lost

Rejoining the realm…

Still unreachable

The connection could not be restored.

Session expired

The server has moved on; the page needs a fresh start.